 Dungeon Crawl Stone Soup version 0.19.5 (webtiles) character file.

104 McKennaii the Firebug (level 4, -9/24 HPs)
             Began as a Deep Elf Fire Elementalist on May 14, 2017.
             Killed by divine providence
             ... invoked by an orc priest
              (12 damage)
             ... on level 3 of the Dungeon.
             The game lasted 00:04:01 (1781 turns).

McKennaii the Firebug (Deep Elf Fire Elementalist)  Turns: 1781, Time: 00:04:01

Health: -9/24      AC:  3    Str:  5    XL:     4   Next: 52%
Magic:  5/12       EV: 13    Int: 21    God:
Gold:   133        SH:  0    Dex: 15    Spells: 3 memorised, 5 levels left

rFire  . . .     SeeInvis .     (no weapon)
rCold  . . .     Gourm    .     a - +0 robe
rNeg   . . .     Faith    .     (no shield)
rPois  .         Spirit   .     (no helmet)
rElec  .         Reflect  .     (no cloak)
rCorr  .         Harm     .     g - +0 pair of gloves
MR     .....                    (no boots)
Stlth  +++.......               (no amulet)
                                (no ring)
                                f - ring of stealth

@: no status effects
A: no striking features
a: no special abilities


You were on level 3 of the Dungeon.
You were hungry.

You visited 1 branch of the dungeon, and saw 3 of its levels.

You collected 133 gold pieces.

Inventory:

Armour
 a - a +0 robe (worn)
 g - a +0 pair of gloves (worn)
Jewellery
 f - a ring of stealth (left hand)
Scrolls
 d - 3 scrolls of identify {unknown}
 h - 2 scrolls of remove curse {unknown}
 m - 3 scrolls of teleportation {unknown}
 p - a scroll of amnesia {unknown}
 q - a scroll of random uselessness {unknown}
 r - 2 scrolls of noise {unknown}
 u - a scroll of magic mapping {unknown}
Potions
 e - a potion of mutation {unknown}
 i - a potion of lignification {unknown}
 j - 2 potions of curing {unknown}
 k - 2 potions of brilliance {unknown}
 l - 4 potions of berserk rage {unknown}
 o - a potion of magic {unknown}
 s - a potion of cancellation {unknown}
Books
 b - a book of Flames

   Spells                             Type                      Level
   a - Flame Tongue                   Conjuration/Fire             1
   b - Throw Flame                    Conjuration/Fire             2
   c - Conjure Flame                  Conjuration/Fire             3
   d - Inner Flame                    Hexes/Fire                   3
   e - Sticky Flame                   Conjuration/Fire             4
   f - Fireball                       Conjuration/Fire             5
Comestibles
 c - 2 bread rations
 n - a meat ration
 t - a chunk of flesh


   Skills:
 + Level 3.0 Dodging
 + Level 2.8 Stealth
 + Level 4.1 Spellcasting
 + Level 2.1 Conjurations
 + Level 4.4 Fire Magic


You had 5 spell levels left.
You knew the following spells:

 Your Spells              Type           Power        Failure   Level  Hunger
a - Flame Tongue          Conj/Fire      ###..        3%          1    None
b - Throw Flame           Conj/Fire      ###...       6%          2    #......
c - Conjure Flame         Conj/Fire      ###.....     12%         3    ###....


Dungeon Overview and Level Annotations

Branches:
Dungeon (3/15)

Altars:
Cheibriados


Message History

The orc throws a stone.
The stone misses you.
The orc priest invokes the aid of Beogh against you.
Beogh smites you! The orc completely misses you.
Casting: Flame Tongue
Confirm with . or Enter, or press ? or * to list all spells.
Aiming: Flame Tongue
Press: ? - help, Shift-Dir - straight line, f - orc
Aim: an orc
Okay, then.
The orc throws a stone.
The stone barely misses you.
You see here a stone.
The orc priest invokes the aid of Beogh against you.
Beogh smites you!
Ouch! That really hurt!
* * * LOW HITPOINT WARNING * * *
The orc priest looks encouraged for a moment.
The orc priest mumbles some strange prayers to Beogh against you.
Beogh smites you!
Ouch! That really hurt!
You die...

## #o#.og.........
.######o##o......####>#
.....##.##.......# .#
####.##g##.......## #.#
####.)..##........# ..#
....<....#.###o##.##.#
......#..#.# #..#.#..#
......#..... ##....รท#
##.####.###.. ##@#..##
#. .# #.## #.# .#
#.....# ###.##.# #..#
#.# # #..##.## .......#
##.# #.# ##..#..#
.##.#.. #.###.# #..##.#
.##.#.# #.....##
#..##.##.##.#.#
#####><##
#........##...# # #...#
##....#..###...### o
#.#.#
###).##.##.##..#.##.


You could see an orc priest and an orc.

Vanquished Creatures
  4 adders
  5 worms
  3 leopard geckos
  An orc (D:3)
  3 giant cockroaches
  7 goblins
  3 hobgoblins
  10 kobolds
  9 bats
  2 frilled lizards (D:3)
  4 rats
51 creatures vanquished.

Notes
Turn   | Place    | Note
-------+----------+-------------------------------------------
     0 | D:1      | McKennaii the Deep Elf Fire Elementalist began the quest for the Orb.
     0 | D:1      | Reached XP level 1. HP: 10/10 MP: 6/6
   127 | D:1      | Reached XP level 2. HP: 15/15 MP: 6/8
   631 | D:2      | Reached XP level 3. HP: 19/19 MP: 5/9
   635 | D:2      | Learned a level 2 spell: Throw Flame
   639 | D:2      | Learned a level 3 spell: Conjure Flame
  1125 | D:3      | Reached XP level 4. HP: 24/24 MP: 8/11
  1660 | D:3      | Found a snail-covered altar of Cheibriados.
  1781 | D:3      | Killed from afar by an orc priest

Skill      XL: |  1  2  3  4 |
---------------+-------------+-----
Fire Magic     | 4 |  4.4
Dodging        | 3 |  3.0
Spellcasting   | 4 |  4.1
Conjurations   | 2 |  2.1
Stealth        | |  2.8

Action                   |  1- 3 |  4- 6 || total
-------------------------+-------+-------++-------
Melee: Unarmed           |     2 |     1 ||     3
 Cast: Flame Tongue      |    75 |    24 ||    99
       Throw Flame       |       |     5 ||     5
       Conjure Flame     |       |     1 ||     1
 Stab: Sleeping          |     1 |       ||     1
  Eat: Chunk             |       |     2 ||     2
Armor: Robe              |     5 |     2 ||     7
Dodge: Dodged            |    15 |    20 ||    35
